 Dungeon Crawl Stone Soup version 0.31-a0-806-g0bc164a743 (console) character file.

Game seed: 11034802860886960073

23 capslocke the Ducker (level 2, -3/17 (22) HPs)
             Began as a Demonspawn Gladiator on Sept 21, 2023.
             Was an Initiate of Ru.
             Slain by Terence
             ... wielding a +1 hand axe of draining
              (7 damage)
             ... on level 2 of the Dungeon.
             The game lasted 00:05:46 (961 turns).

capslocke the Ducker (Demonspawn Gladiator)          Turns: 961, Time: 00:05:47

HP:   -3/17 (22)    AC:  4    Str: 14    XL:     2   Next: 75%
MP:   0/0           EV: 12    Int:  9    God:    Ru [......]
Gold: 36            SH:  0    Dex: 12    Spells: 1/1 levels left

rFire   . . .        k - +1 dagger (antimagic)
rCold   . . .        (no shield)
rNeg    . . .        b - +0 leather armour
rPois   .            c - +0 helmet
rElec   .            (no cloak)
rCorr   .            (no gloves)
SInv    .            (no boots)
Will    .....        (no amulet)
Stlth   +            (no ring)
HPRegen 0.22/turn    (no ring)
MPRegen 0.07/turn

%: no passive effects
@: brilliant, heavily drained
A: clumsy 1, ignite blood 1
a: Renounce Religion


You were on level 2 of the Dungeon.
You worshipped Ru.
Ru was noncommittal.
You visited 1 branch of the dungeon, and saw 2 of its levels.

You collected 36 gold pieces.

Inventory:

Hand Weapons
 a - a +0 long sword
 k - a +1 antimagic dagger (weapon)
Missiles
 d - 3 throwing nets (quivered)
 e - a javelin
 r - 4 large rocks
Armour
 b - a +0 leather armour (worn)
 c - a +0 helmet (worn)
Talismans
 i - a talisman of death
Scrolls
 f - a scroll of blinking {unknown}
 g - a scroll of enchant weapon {unknown}
 h - 3 scrolls of identify {unknown}
 n - a scroll of fog {unknown}
 o - a scroll of fear {unknown}
 q - a scroll of butterflies {unknown}
Potions
 j - a potion of invisibility {unknown}
 l - 2 potions of enlightenment {unknown}
 m - 2 potions of brilliance
 p - 2 potions of heal wounds {unknown}


   Skills:
 + Level 2.2 Fighting
 + Level 3.0 Long Blades
 + Level 1.9 Throwing
 + Level 0.2 Armour
 + Level 3.2 Dodging


You had one spell level left.
You didn't know any spells.
Your spell library contained the following spells:

 Spells                   Type           Power      Damage    Failure   Level
 Lesser Beckoning         Tloc           0%         N/A       61%         2
 Gell's Gravitas          Tloc           0%         N/A       83%         3
 Teleport Other           Tloc           0%         N/A       83%         3


Dungeon Overview and Level Annotations

Branches:
Dungeon (2/15)

Altars:
Ru

Annotations:
D:2 Terence


Innate Abilities, Weirdness & Mutations

You are clumsy. (Dex -2)
Your demonic aura sometimes causes spilled blood to erupt in flames.


Message History

The bat barely misses you.
You see here a bat corpse.
You hit the bat.
The bat is moderately wounded.
The bat hits you but does no damage. The bat closely misses you.
You hit the bat.
You kill the bat!
No target in view!
No target in view!
No target in view!
No target in view!
No target in view!
Okay, then.
Found a falchion.
You see here a +0 falchion.
You now have 21 gold pieces (gained 5).
You now have 36 gold pieces (gained 15).
Terence the Incautious comes into view.
He is wielding a +1 hand axe of draining.
Terence shouts!
Terence hits you with a +1 hand axe of draining.
You feel drained.
You barely miss Terence.
Terence hits you with a +1 hand axe of draining.
You feel drained.
You hit Terence but do no damage. Terence barely misses you.
You closely miss Terence. Terence closely misses you.
You hit Terence but do no damage.
Terence hits you with a +1 hand axe of draining.
You feel drained.
You closely miss Terence. Terence closely misses you.
You closely miss Terence.
Terence hits you with a +1 hand axe of draining.
* * * LOW HITPOINT WARNING * * *
You feel drained.
* * * LOW HITPOINT WARNING * * *
It was a potion of brilliance.
You feel clever all of a sudden.
Terence hits you with a +1 hand axe of draining!
You die...

#.# #.# ##...########
###.###.#####.#†#.## ##
#.............#.##.#####.
#.#..##...................
..
##.##..####..#.##.#####<
## #..##..# ##.#..........
#.#.##..# #....########
###.##..# #.####
#.##..#####.# #.........#
#.....@.#...#
#....#.@..#.# #..#.#.#.##
#......#.# #.##.### #
#.##.. #.####


You could see Terence.

Vanquished Creatures
  A dart slug (D:2)
  2 endoplasms (D:1)
  A giant cockroach (D:1)
  2 goblins
  A hobgoblin (D:1)
  2 kobolds (D:1)
  2 ball pythons (D:1)
  4 bats
  A frilled lizard (D:1)
  6 rats (D:1)
22 creatures vanquished.

Notes
Turn   | Place    | Note
-------+----------+-------------------------------------------
     0 | D:1      | capslocke the Demonspawn Gladiator began the quest for the
                  | Orb.
     0 | D:1      | Reached XP level 1. HP: 16/16 MP: 1/1
    40 | D:1      | Found a faded altar of an unknown god.
    76 | D:1      | Prayed at the altar of an unknown god.
    76 | D:1      | Became a worshipper of Ru the Awakened
    89 | D:1      | Gained mutation: You are clumsy. (Dex -2) [Ru sacrifice]
   219 | D:1      | Gained mutation: Your demonic aura sometimes causes spilled
                  | blood to erupt in flames. [demonic ancestry]
   219 | D:1      | Reached XP level 2. HP: 22/22 MP: 0/2
   952 | D:2      | Noticed Terence
   961 | D:2      | Slain by Terence

Illustrated notes

Levels and vault maps discovered:
D:1:      dpeg_arrival_rhombi, layout_basic, ebering_ecumenical_altar_rust,
          minmay_domino_2
D:2:      layout_loops_ring, dk_vineyard_3, uniq_terence, uniq_jessica

Skill      XL: |  1  2 |
---------------+-------+-----
Dodging        | 3 |  3.2
Long Blades    | 3 |  3.0
Fighting       | |  2.2
Throwing       | |  1.9
Armour         | |  0.2

Action                     || total
---------------------------++-------
  Melee: Long sword        ||    16
         Dagger            ||    58
         Punch             ||     1
  Throw: Throwing net      ||     2
 Invoke: Sacrifice Purity  ||     1
    Use: Potion            ||     1
 Armour: Leather armour    ||    49
  Dodge: Dodged            ||    46

Table legend: (Time is in decaauts)
 A = Elapsed time spent in this place.
 B = Non-inter-level travel time spent in this place.
 C = Inter-level travel time spent in this place.
 D = Time resting spent in this place.
 E = Time spent auto-exploring this place.
 F = Levels seen in this place.
 G = Mean time per level.
                   A        B        C        D        E       F      G
               +--------+--------+--------+--------+--------+-----+--------+
         Total |    959 |    927 |     32 |     83 |    592 |   2 |  479.5 |
       Dungeon |    959 |    927 |     32 |     83 |    592 |   2 |  479.5 |
               +--------+--------+--------+--------+--------+-----+--------+

Top non-repeatable levels by time:
     D:1: 816 daAuts
     D:2: 142 daAuts
